 Dungeon Crawl Stone Soup version 0.29-a0-542-g075992c915 (webtiles) character file.

Game seed: 9249257252260011277

217 Pooter the Chopper (level 5, 0/47 HPs)
             Began as a Minotaur Berserker on June 4, 2022.
             Was a Believer of Trog.
             Succumbed to Sigmund's poison
             ... on level 3 of the Dungeon.
             The game lasted 00:11:33 (2879 turns).

Pooter the Chopper (Minotaur Berserker)             Turns: 2879, Time: 00:11:33

Health: 0/47       AC: 11    Str: 24    XL:     5   Next: 61%
Magic:  4/4        EV:  8    Int:  4    God:    Trog [**....]
Gold:   193        SH:  0    Dex: 15    Spells: 4/4 levels left

rFire   . . .      SeeInvis .   a - +4 war axe
rCold   . . .      Faith    .   (no shield)
rNeg    . . .      Spirit   .   q - +0 plate armour
rPois   .          Reflect  .   p - +0 hat
rElec   .          Harm     .   (no cloak)
rCorr   .          Rampage  .   (no gloves)
Will    .....                   (no boots)
Stlth   ..........              (no amulet)
HPRegen 0.15/turn               i - +6 ring of dexterity
MPRegen 0.09/turn               (no ring)

@: confused, lethally poisoned (0 -> -15), flying, hasted, very quick
A: horns 2, retaliatory headbutt
a: Renounce Religion, Berserk, Trog's Hand


You were on level 3 of the Dungeon.
You worshipped Trog.
Trog was pleased with you.
You visited 1 branch of the dungeon, and saw 3 of its levels.

You collected 193 gold pieces.

Inventory:

Hand Weapons
 a - a +4 war axe (weapon)
   (You found it on level 3 of the Dungeon)
 b - the +4 hunting sling "Xediall" {speed, Fly}
   (You found it on level 2 of the Dungeon)

   Attacks with this weapon are significantly faster.
   Fly:       It grants you flight.
Missiles
 Q - 112 stones (quivered)
Armour
 p - a +0 hat (worn)
   (You found it on level 2 of the Dungeon)
 q - a +0 plate armour (worn)
   (You found it on level 2 of the Dungeon)
Jewellery
 d - a ring of flight
   (You found it on level 3 of the Dungeon)
 i - a +6 ring of dexterity (left hand)
   (You found it on level 3 of the Dungeon)
Scrolls
 f - 2 scrolls of enchant armour {unknown}
 g - a scroll of fog
 h - a scroll of magic mapping {unknown}
 j - a scroll of poison {unknown}
 k - a scroll of silence {unknown}
 l - a scroll of noise {!r}
 o - a scroll of teleportation {unknown}


   Skills:
 + Level 4.6 Fighting
 * Level 5.5 Axes
 + Level 1.9 Slings
 + Level 3.3 Armour
 + Level 3.4 Dodging


You had 4 spell levels left.
You didn't know any spells.
Your spell library was empty.

Dungeon Overview and Level Annotations

Branches:
Dungeon (3/15)

Altars:

Annotations:
D:3 Sigmund


Innate Abilities, Weirdness & Mutations

You have a pair of horns on your head.
You reflexively headbutt those who attack you in melee.


Message History

You float gracefully downwards.
a - a +4 war axe (weapon)
Sigmund closely misses you.
Your skin stops crawling.
You feel less strong-willed.
You slash Sigmund!
Sigmund hits you with a +5 scythe of venom.
You are poisoned.
You hit Sigmund. Your headbutt misses Sigmund.
You feel very sick. Sigmund hits you but does no damage.
You are more poisoned.
You hit Sigmund.
You feel very sick.
Sigmund hits you with a +5 scythe of venom!
* * * LOW HITPOINT WARNING * * *
You are lethally poisoned!
It was a potion of flight.
You feel very buoyant.
You fly up into the air.
* * * LOW HITPOINT WARNING * * *
You feel extremely sick.
It was a potion of haste.
You feel yourself speed up.
* * * LOW HITPOINT WARNING * * *
You feel very sick.
Sigmund points at you and mumbles some strange words.
You are confused.
Unknown command.
It was a potion of heal wounds.
You feel much better.
You feel sick.
Sigmund gestures wildly while chanting.
Sigmund flickers and vanishes!
Deactivating autopickup; reactivate with Ctrl-A.
Okay, then.
You completely miss something.
You feel very sick. Something hits you.
* * * LOW HITPOINT WARNING * * *
You are lethally poisoned!
You bump into the rock wall.
* * * LOW HITPOINT WARNING * * *
You feel very sick.
* * * LOW HITPOINT WARNING * * *
You feel very sick.
You hear some strange, mumbled words.
You are more confused.
* * * LOW HITPOINT WARNING * * *
You feel very sick. Something hits you.
* * * LOW HITPOINT WARNING * * *
You're too confused to move!
You die...

#.#
#.#.######
#.#
#.#.#.....
#.#
#.#.######
#.# #.#.#
#.# #.#..
#.# #.###
#.#
#.########
#.@{......
#.########
#.# #.#
###


There were no monsters in sight!

Vanquished Creatures
  A water moccasin (D:3)
  An orc wizard (D:3)
  Robin (D:3)
  An adder (D:3)
  A white imp (D:3)
  A worm (D:2)
  2 dart slugs
  3 orcs (D:3)
  3 endoplasms
  2 giant cockroaches
  15 goblins
  8 hobgoblins
  3 quokkas
  6 ball pythons
  A bat (D:2)
  4 frilled lizards
  5 kobolds
  A rat (D:2)
59 creatures vanquished.

Notes
Turn   | Place    | Note
-------+----------+-------------------------------------------
     0 | D:1      | Pooter the Minotaur Berserker began the quest for the Orb.
     0 | D:1      | Reached XP level 1. HP: 19/19 MP: 0/0
   664 | D:1      | Reached skill level 4 in Axes
   664 | D:1      | Reached XP level 2. HP: 26/27 MP: 1/1
  1863 | D:2      | Reached XP level 3. HP: 30/33 MP: 2/2
  1974 | D:2      | Identified the +4 hunting sling "Xediall" {speed, Fly}
  2242 | D:3      | Noticed a water moccasin
  2249 | D:3      | Killed a water moccasin
  2250 | D:3      | Reached skill level 5 in Axes
  2250 | D:3      | Reached skill level 1 in Slings
  2250 | D:3      | Reached XP level 4. HP: 37/41 MP: 3/3
  2250 | D:3      | Reached XP level 5. HP: 43/47 MP: 4/4
  2283 | D:3      | Noticed Robin
  2287 | D:3      | Reached ** piety under Trog
  2292 | D:3      | Killed Robin
  2862 | D:3      | Noticed Sigmund
  2879 | D:3      | Succumbed to Sigmund's poison

Illustrated notes

Levels and vault maps discovered:
D:1:      saegor_arrival_fortress, layout_basic, minmay_split_cup_large
D:2:      layout_basic
D:3:      layout_basic, uniq_robin, uniq_sigmund

Skill      XL: |  1  2  3 |
---------------+----------+-----
Axes           | 4 5 |  5.5
Fighting       | 4 |  4.6
Slings         | 1 |  1.9
Armour         | 3 |  3.3
Dodging        | 3 |  3.4

Action                   |  1- 3 |  4- 6 || total
-------------------------+-------+-------++-------
Melee: Hand axe          |    24 |       ||    24
       Headbutt          |     8 |     1 ||     9
       Quarterstaff      |    33 |       ||    33
       War axe           |     4 |    20 ||    24
 Fire: Hunting sling     |    17 |    21 ||    38
Throw: Stone             |    15 |       ||    15
Invok: Berserk           |     1 |     1 ||     2
       Trog's Hand       |       |     2 ||     2
  Use: Scroll            |     1 |     2 ||     3
       Potion            |       |     3 ||     3
Armor: Animal skin       |     2 |       ||     2
       Ring mail         |     7 |       ||     7
       Plate armour      |     4 |    30 ||    34
Dodge: Dodged            |    32 |     6 ||    38

Table legend: (Time is in decaauts)
 A = Elapsed time spent in this place.
 B = Non-inter-level travel time spent in this place.
 C = Inter-level travel time spent in this place.
 D = Time resting spent in this place.
 E = Time spent auto-exploring this place.
 F = Levels seen in this place.
 G = Mean time per level.
                   A        B        C        D        E       F      G
               +--------+--------+--------+--------+--------+-----+--------+
         Total |   2924 |   2852 |     72 |    546 |   1849 |   3 |  974.7 |
       Dungeon |   2924 |   2852 |     72 |    546 |   1849 |   3 |  974.7 |
               +--------+--------+--------+--------+--------+-----+--------+

Top non-repeatable levels by time:
     D:1: 1312 daAuts
     D:3: 827 daAuts
     D:2: 784 daAuts
